NYP
LOWELL SPINNERS @ ABERDEEN IRONBIRDS
07/29/2048
 
TOP OF THE 1ST
Lowell Spinners batting - Pitching for Aberdeen Ironbirds : RHP Jun-seok Pak
Pitching: RHP Jun-seok Pak
Batting: RHB Aukukero Tairi 0-0: Ball
1-0: Called Strike
1-1: Swinging Strike
1-2: Strikes out looking
Batting: RHB Matt Parker 0-0: Ball
1-0: Swinging Strike
1-1: Ball
2-1: Foul Ball, location: 2F
2-2: Strikes out swinging
Batting: SHB Salvador Padilla 0-0: Called Strike
0-1: Ball
1-1: Foul Ball, location: 2F
1-2: Foul Ball, location: 2F
1-2: Foul Ball, location: 2F
1-2: Foul Ball, location: 2F
1-2: Foul Ball, location: 2F
1-2: Ground out 5-3 (Groundball, 5, EV 84.4 MPH)
Top of the 1st over - 0 runs, 0 hits, 0 errors, 0 left on base; Lowell 0 - Aberdeen 0
BOTTOM OF THE 1ST
Aberdeen Ironbirds batting - Pitching for Lowell Spinners : LHP Ken Berger
Pitching: LHP Ken Berger
Batting: RHB Kevin Popowicz 0-0: Called Strike
0-1: Called Strike
0-2: Ball
1-2: Strikes out swinging
Batting: SHB Chris Wright 0-0: Ball
1-0: Ball
2-0: Ball
3-0: Called Strike
3-1: Base on Balls
Batting: RHB Jonathan Mendoza 0-0: Swinging Strike
0-1: Swinging Strike
0-2: Ball
Wild Pitch!
Chris Wright to second
1-2: Ground out 5-3 (Groundball, 56S, EV 81.2 MPH)
Batting: LHB Sam Williams 0-0: Ball
1-0: Ball
2-0: Ball
3-0: Base on Balls
Batting: RHB Alfredo Reguera 0-0: Swinging Strike
0-1: Swinging Strike
0-2: Ball
1-2: Ball
2-2: Foul Ball, location: 2F
2-2: Ground out 4-3 (Groundball, 34, EV 115.0 MPH)
Bottom of the 1st over - 0 runs, 0 hits, 0 errors, 2 left on base; Lowell 0 - Aberdeen 0
TOP OF THE 2ND
Lowell Spinners batting - Pitching for Aberdeen Ironbirds : RHP Jun-seok Pak
Batting: RHB Xavier Joslin 0-0: Called Strike
0-1: Called Strike
0-2: Ball
1-2: Ball
2-2: Ball
3-2: Base on Balls
Batting: RHB Raul Sanchez 0-0: Ball
1-0: Grounds into double play, 1-4-3 (Groundball, P, EV 70.6 MPH)
Batting: RHB Willie Camacho 0-0: SINGLE (Groundball, 4M, EV 108.1 MPH)
Batting: RHB Jose Molina 0-0: Ground out 5-3 (Groundball, 56S, EV 77.5 MPH)
Top of the 2nd over - 0 runs, 1 hit, 0 errors, 1 left on base; Lowell 0 - Aberdeen 0
BOTTOM OF THE 2ND
Aberdeen Ironbirds batting - Pitching for Lowell Spinners : LHP Ken Berger
Batting: LHB Vinny Rivera 0-0: Ball
1-0: Called Strike
1-1: Ball
2-1: Ball
3-1: Foul Ball, location: 2F
3-2: Ground out U3 (Groundball, 3, EV 89.4 MPH)
Batting: RHB Wil Ochoa 0-0: Ball
1-0: Swinging Strike
1-1: Ball
2-1: Foul Ball, location: 2F
2-2: Foul Ball, location: 2F
2-2: Strikes out looking
Batting: SHB Carlos Carrillo 0-0: SINGLE (Groundball, 34D, EV 97.5 MPH)
Batting: RHB Fernando Bravo 0-0: Swinging Strike
0-1: Ball
1-1: Ball
2-1: Ball
3-1: Base on Balls
Carlos Carrillo to second
Batting: RHB Kevin Popowicz 0-0: Ball
1-0: Fly out, F8 (Line Drive, 8RM, EV 103.8 MPH)
Bottom of the 2nd over - 0 runs, 1 hit, 0 errors, 2 left on base; Lowell 0 - Aberdeen 0
TOP OF THE 3RD
Lowell Spinners batting - Pitching for Aberdeen Ironbirds : RHP Jun-seok Pak
Batting: LHB Robert Gonzalez 0-0: Called Strike
0-1: Swinging Strike
0-2: Strikes out swinging
Batting: RHB Rogelio Cervantes 0-0: Ball
1-0: TRIPLE (Flyball, 8LXD, EV 95.0 MPH)
Batting: RHB Aukukero Tairi 0-0: Ball
1-0: Ball
2-0: Called Strike
2-1: Swinging Strike
2-2: Strikes out swinging
Batting: RHB Matt Parker 0-0: Ball
1-0: SINGLE (Groundball, 5S, EV 63.8 MPH) (infield hit)
Rogelio Cervantes scores
Batting: SHB Salvador Padilla 0-0: Foul Ball, location: 2F
0-1: Ball
1-1: Foul Ball, location: 2F
1-2: Ground out 4-3 (Groundball, 4, EV 95.6 MPH)
Top of the 3rd over - 1 run, 2 hits, 0 errors, 1 left on base; Lowell 1 - Aberdeen 0
BOTTOM OF THE 3RD
Aberdeen Ironbirds batting - Pitching for Lowell Spinners : LHP Ken Berger
Batting: SHB Chris Wright 0-0: Ball
1-0: Swinging Strike
1-1: DOUBLE (Flyball, 7LD, EV 108.1 MPH)
Batting: RHB Jonathan Mendoza 0-0: Ball
1-0: Ground out U3 (Groundball, 23, EV 88.8 MPH)
Chris Wright to third
Batting: LHB Sam Williams 0-0: Ball
1-0: Ball
2-0: Foul Ball, location: 2F
2-1: Foul Ball, location: 2F
2-2: DOUBLE (Line Drive, 9LM, EV 98.1 MPH)
Chris Wright scores
Batting: RHB Alfredo Reguera 0-0: Called Strike
0-1: Swinging Strike
0-2: Ball
1-2: Ball
2-2: Ball
3-2: Base on Balls
Batting: LHB Vinny Rivera 0-0: Swinging Strike
0-1: Fly out, F8 (Flyball, 8RS, EV 98.1 MPH)
Batting: RHB Wil Ochoa 0-0: Ball
1-0: Fielders Choice at 2nd, 6-4 (Groundball, 56, EV 90.6 MPH)
Bottom of the 3rd over - 1 run, 2 hits, 0 errors, 2 left on base; Lowell 1 - Aberdeen 1
TOP OF THE 4TH
Lowell Spinners batting - Pitching for Aberdeen Ironbirds : RHP Jun-seok Pak
Batting: RHB Xavier Joslin 0-0: Ball
1-0: Foul Ball, location: 2F
1-1: Foul Ball, location: 2F
1-2: Ball
2-2: Ball
3-2: Foul Ball, location: 2F
3-2: Foul Ball, location: 2F
3-2: Ground out 6-3 (Groundball, 6MD, EV 92.5 MPH)
Batting: RHB Raul Sanchez 0-0: Ground out U3 (Groundball, 3L, EV 103.1 MPH)
Batting: RHB Willie Camacho 0-0: Ball
1-0: Called Strike
1-1: Ball
2-1: Swinging Strike
2-2: Ball
3-2: Strikes out swinging
Top of the 4th over - 0 runs, 0 hits, 0 errors, 0 left on base; Lowell 1 - Aberdeen 1
BOTTOM OF THE 4TH
Aberdeen Ironbirds batting - Pitching for Lowell Spinners : LHP Ken Berger
Batting: SHB Carlos Carrillo 0-0: Swinging Strike
0-1: Foul Ball, location: 2F
0-2: Ball
1-2: Foul Ball, location: 2F
1-2: Strikes out looking
Batting: RHB Fernando Bravo 0-0: Ball
1-0: Ball
2-0: Ball
3-0: Base on Balls
Batting: RHB Kevin Popowicz 0-0: Ball
1-0: Ball
2-0: DOUBLE (Line Drive, 7LD, EV 101.9 MPH)
Fernando Bravo to third
Batting: SHB Chris Wright 0-0: Swinging Strike
0-1: 3-RUN HOME RUN (Flyball, 89XD, EV 109.4 MPH), Distance : 425 ft
Batting: RHB Jonathan Mendoza 0-0: Foul Ball, location: 2F
0-1: Swinging Strike
0-2: Ball
1-2: Strikes out looking
Batting: LHB Sam Williams 0-0: Foul Ball, location: 2F
0-1: Ball
1-1: Ball
2-1: Swinging Strike
2-2: Strikes out swinging
Bottom of the 4th over - 3 runs, 2 hits, 0 errors, 0 left on base; Lowell 1 - Aberdeen 4
TOP OF THE 5TH
Lowell Spinners batting - Pitching for Aberdeen Ironbirds : RHP Jun-seok Pak
Batting: RHB Jose Molina 0-0: Ground out U3 (Groundball, 34, EV 105.6 MPH)
Batting: LHB Robert Gonzalez 0-0: Called Strike
0-1: Foul Ball, location: 2F
0-2: Foul Ball, location: 2F
0-2: Ball
1-2: Foul Ball, location: 2F
1-2: Ground out 6-3 (Groundball, 6S, EV 88.1 MPH)
Batting: RHB Rogelio Cervantes 0-0: Swinging Strike
0-1: Ball
1-1: Ball
2-1: Ground out 3-1 (Groundball, 34S, EV 86.9 MPH)
Top of the 5th over - 0 runs, 0 hits, 0 errors, 0 left on base; Lowell 1 - Aberdeen 4
BOTTOM OF THE 5TH
Aberdeen Ironbirds batting - Pitching for Lowell Spinners : LHP Ken Berger
Batting: RHB Alfredo Reguera 0-0: Foul Ball, location: 2F
0-1: Foul Ball, location: 2F
0-2: Strikes out swinging
Batting: LHB Vinny Rivera 0-0: Ball
1-0: Called Strike
1-1: Ball
2-1: Foul Ball, location: 2F
2-2: Foul Ball, location: 2F
2-2: Strikes out swinging
Batting: RHB Wil Ochoa 0-0: Ball
1-0: Foul Ball, location: 2F
1-1: Ball
2-1: Foul Ball, location: 2F
2-2: Ball
3-2: Base on Balls
Pitching: LHP Chris Deans
Batting: SHB Carlos Carrillo 0-0: Ball
1-0: Called Strike
1-1: Ball
2-1: DOUBLE (Flyball, 78XD, EV 108.1 MPH)
Wil Ochoa to third
Runner from 3rd tries for Home, SAFE, no throw by LF
Batting: RHB Fernando Bravo 0-0: Ball
1-0: Hit by Pitch
Batting: RHB Kevin Popowicz 0-0: SINGLE (Line Drive, 7S, EV 100.6 MPH)
Carlos Carrillo to third
Fernando Bravo to second
Runner from 3rd tries for Home, SAFE, throw by LF to trailing runner, OUT at third! 7-6-5
Bottom of the 5th over - 2 runs, 2 hits, 0 errors, 1 left on base; Lowell 1 - Aberdeen 6
TOP OF THE 6TH
Lowell Spinners batting - Pitching for Aberdeen Ironbirds : RHP Jun-seok Pak
Batting: RHB Aukukero Tairi 0-0: Called Strike
0-1: Foul Ball, location: 2F
0-2: Strikes out swinging
Batting: RHB Matt Parker 0-0: Ball
1-0: Fly out, F8 (Flyball, 8RM, EV 83.8 MPH)
Batting: SHB Salvador Padilla 0-0: Called Strike
0-1: Ball
1-1: Ball
2-1: Ground out 5-3 (Groundball, 56, EV 83.8 MPH)
Top of the 6th over - 0 runs, 0 hits, 0 errors, 0 left on base; Lowell 1 - Aberdeen 6
BOTTOM OF THE 6TH
Aberdeen Ironbirds batting - Pitching for Lowell Spinners : LHP Chris Deans
Batting: SHB Chris Wright 0-0: Ball
1-0: Ball
2-0: Ball
3-0: Called Strike
3-1: Foul Ball, location: 2F
3-2: Foul Ball, location: 2F
3-2: Base on Balls
Batting: RHB Jonathan Mendoza 0-0: Ball
1-0: Ball
2-0: Ball
3-0: Base on Balls
Chris Wright to second
Batting: LHB Sam Williams 0-0: Called Strike
0-1: Foul Ball, location: 2F
0-2: Ball
1-2: Strikes out looking
Batting: RHB Alfredo Reguera 0-0: Ball
1-0: Called Strike
1-1: Foul Ball, location: 2F
1-2: Foul Ball, location: 2F
1-2: Ball
2-2: Ball
3-2: Base on Balls
Chris Wright to third
Jonathan Mendoza to second
Batting: LHB Vinny Rivera 0-0: Ball
1-0: Ball
2-0: Called Strike
2-1: Grounds into double play, 6-4-3 (Groundball, 6M, EV 110.0 MPH)
Bottom of the 6th over - 0 runs, 0 hits, 0 errors, 2 left on base; Lowell 1 - Aberdeen 6
TOP OF THE 7TH
Lowell Spinners batting - Pitching for Aberdeen Ironbirds : RHP Jun-seok Pak
Batting: RHB Xavier Joslin 0-0: Ground out 6-3 (Groundball, 6, EV 83.8 MPH)
Batting: RHB Raul Sanchez 0-0: Ball
1-0: Ball
2-0: Ball
3-0: Base on Balls
Batting: RHB Willie Camacho 0-0: Ball
1-0: SINGLE (Groundball, 4MS, EV 65.6 MPH) (infield hit)
Raul Sanchez to second
Batting: RHB Jose Molina 0-0: Ball
1-0: Fly out, F9 (Flyball, 9, EV 71.9 MPH)
Batting: LHB Robert Gonzalez 0-0: Ground out 4-3 (Groundball, 4, EV 90.6 MPH)
Top of the 7th over - 0 runs, 1 hit, 0 errors, 2 left on base; Lowell 1 - Aberdeen 6
BOTTOM OF THE 7TH
Aberdeen Ironbirds batting - Pitching for Lowell Spinners : LHP Chris Deans
Batting: RHB Wil Ochoa 0-0: Ball
1-0: Ball
2-0: Swinging Strike
2-1: Called Strike
2-2: Foul Ball, location: 2F
2-2: Ground out 6-3 (Groundball, 6M, EV 87.5 MPH)
Batting: SHB Carlos Carrillo 0-0: Called Strike
0-1: Foul Ball, location: 2F
0-2: Strikes out swinging
Batting: RHB Fernando Bravo 0-0: Foul Ball, location: 2F
0-1: Ground out 6-3 (Groundball, 6, EV 105.6 MPH)
Bottom of the 7th over - 0 runs, 0 hits, 0 errors, 0 left on base; Lowell 1 - Aberdeen 6
TOP OF THE 8TH
Lowell Spinners batting - Pitching for Aberdeen Ironbirds : RHP Jun-seok Pak
Batting: RHB Rogelio Cervantes 0-0: Called Strike
0-1: Fly out, F4 (Popup, 4M, EV 69.4 MPH)
Pitching: RHP Manny Saldana
Batting: RHB Aukukero Tairi 0-0: Ball
1-0: Called Strike
1-1: Ground out 6-3 (Groundball, 6, EV 86.9 MPH)
Batting: RHB Matt Parker 0-0: Ball
1-0: Ball
2-0: Ball
3-0: Called Strike
3-1: Called Strike
3-2: Fly out, F2 (Popup, 15S, EV 91.9 MPH)
Top of the 8th over - 0 runs, 0 hits, 0 errors, 0 left on base; Lowell 1 - Aberdeen 6
BOTTOM OF THE 8TH
Aberdeen Ironbirds batting - Pitching for Lowell Spinners : LHP Chris Deans
Batting: RHB Kevin Popowicz 0-0: Ball
1-0: Ball
2-0: Ball
3-0: Swinging Strike
3-1: Foul Ball, location: 2F
3-2: TRIPLE (Line Drive, 9D, EV 111.9 MPH)
Pitching: RHP Jose Abanto
Batting: SHB Chris Wright 0-0: Called Strike
0-1: Ball
1-1: Ball
2-1: Ground out 6-3 (Groundball, 6, EV 91.9 MPH)
Kevin Popowicz scores
Batting: RHB Jonathan Mendoza 0-0: Ball
1-0: Swinging Strike
1-1: Foul Ball, location: 2F
1-2: Strikes out swinging
Pitching: RHP Mike Goodwin
Batting: LHB Sam Williams 0-0: Ball
1-0: Called Strike
1-1: Fly out, F7 (Line Drive, 7D, EV 98.1 MPH)
Bottom of the 8th over - 1 run, 1 hit, 0 errors, 0 left on base; Lowell 1 - Aberdeen 7
TOP OF THE 9TH
Lowell Spinners batting - Pitching for Aberdeen Ironbirds : RHP Manny Saldana
Batting: SHB Salvador Padilla 0-0: Ball
1-0: Foul Ball, location: 2F
1-1: Ball
2-1: Ball
3-1: Base on Balls
Batting: RHB Xavier Joslin 0-0: Called Strike
0-1: Grounds into double play, 6-4-3 (Groundball, 6, EV 75.6 MPH)
Batting: RHB Raul Sanchez 0-0: Ball
1-0: Ground out 5-3 (Groundball, 5, EV 85.0 MPH)
Top of the 9th over - 0 runs, 0 hits, 0 errors, 0 left on base; Lowell 1 - Aberdeen 7
Tuesday, March 28th , 2023 - OOTP Baseball 23.10 Build 110